 Dungeon Crawl Stone Soup version 0.31-a0-983-g7b6862f502 (webtiles) character file.

Game seed: 3767629198712448988

7349 mopl the Martial Artist (level 11, -28/76 HPs)
             Began as a Djinni Shapeshifter on Nov 2, 2023.
             Was a High Priest of Okawaru.
             Annihilated by a komodo dragon (37 damage)
             ... on level 9 of the Dungeon on Nov 3, 2023.
             The game lasted 00:12:27 (6544 turns).

mopl the Martial Artist (Djinni Shapeshifter)       Turns: 6544, Time: 00:12:30

Health: -28/76     AC:  2    Str: 15    XL:     11   Next: 35%
Gold:   672        EV: 17    Int: 11    God:    Okawaru [*****.] SH:  0 Dex: 22

rFire   + + +        j - +8 sling of Wyrd {drain, rElec rF+}
rCold   x . .        (no shield)
rNeg    . . .        a - +0 animal skin
rPois   ∞            (helmet currently unavailable)
rElec   +            (cloak currently unavailable)
rCorr   .            (gloves currently unavailable)
SInv    .            (boots unavailable)
Will    +....        e - amulet of regeneration
Stlth   ++           i - +6 ring of dexterity
HPRegen 1.12/turn    y - ring of protection from fire
MPRegen 0.00/turn

%: infuse magic (-29 HP)
@: beast-form, fragile, flying
A: beast (slay +4), flying, sickness immunity, fire resistance 2, cold
vulnerability 1, float, innate caster, HP casting, extra vitality 1
a: Begin Untransformation, Renounce Religion, Heroism, Finesse, Duel


You were on level 9 of the Dungeon.
You worshipped Okawaru.
Okawaru was extremely pleased with you.
You were a hulking beast.
You visited 2 branches of the dungeon, and saw 10 of its levels.
You also visited: Sewer and Ossuary.

You collected 672 gold pieces.

Inventory:

Hand Weapons
 j - the +8 sling of Wyrd (weapon) {drain, rElec rF+}
   (You found it on level 2 of the Dungeon)

   rF+:       It protects you from fire.
   rElec:     It insulates you from electricity.
Missiles
 q - 27 poisoned darts
 u - 9 boomerangs
 F - 2 javelins
 L - 2 curare-tipped darts
Armour
 a - a +0 animal skin (worn)
 G - a +0 cloak
Jewellery
 e - an amulet of regeneration (around neck)
 i - a +6 ring of dexterity (left hand)
 y - a ring of protection from fire (right hand)
 J - a +6 ring of intelligence
Talismans
 c - a beast talisman (active)
 d - a flux talisman
 o - a serpent talisman
Wands
 M - a wand of iceblast (6)
 O - a wand of polymorph (7)
 P - a wand of acid (15)
Scrolls
 f - 3 scrolls of teleportation {unknown}
 g - a scroll of identify
 h - a scroll of silence {unknown}
 k - 3 scrolls of enchant armour {unknown}
 s - 4 scrolls of immolation {unknown}
 t - a scroll of enchant weapon {unknown}
 v - a scroll of revelation {unknown}
 w - 2 scrolls of amnesia {unknown}
 z - 3 scrolls of noise {unknown}
 C - a scroll of torment {unknown}
 I - a scroll of poison {unknown}
 K - 2 scrolls of brand weapon {unknown}
 N - a scroll of vulnerability {unknown}
Potions
 b - 2 potions of lignification {!q}
 l - 5 potions of heal wounds
 m - 6 potions of curing
 n - 3 potions of might
 p - 2 potions of berserk rage {!q}
 r - a potion of mutation {!q}
 x - 2 potions of resistance
 A - 2 potions of haste
 B - 3 potions of enlightenment
 D - a potion of cancellation
 E - a potion of brilliance
 H - a potion of invisibility


   Skills:
 + Level 6.1 Fighting
 + Level 5.9 Armour
 + Level 7.0 Dodging
 * Level 9.2 Unarmed Combat
 + Level 4.6 Invocations
 * Level 7.8 Shapeshifting


You knew the following spells:

 Your Spells              Type           Power      Damage    Failure   Level
a - Slow                  Hex            0%         N/A       34%         1
b - Static Discharge      Conj/Air       0%         3-3/arc   47%         2
c - Ozocubu's Armour      Ice            0%         N/A       71%         3
d - Animate Armour        Summ/Erth      0%         N/A       98%         4
e - Summon Lightning Spi  Summ/Air       0%         N/A       98%         4
Your spell library was empty.

Dungeon Overview and Level Annotations

Branches:
Dungeon (9/15)             Temple (1/1) D:4           Sewer (visited)
Ossuary (visited)
   Lair: D:8-11         Orc: D:9-12

Altars:
Ashenzari
Cheibriados
Dithmenos
Fedhas
Gozag
Hepliaklqana
Nemelex Xobeh
Okawaru
Qazlal
Ru
Wu Jian
Xom
Yredelemnul
The Shining One

Annotations:
D:4 2 transporters, eyesofgods1's ghost, novice DjGl


Innate Abilities, Weirdness & Mutations

You are a hulking beast.
Your limbs bulge with bestial killing power. (Slay +4)
You are flying.
You are immune to sickness and miasma.
You are immune to poison.
Your flesh is very heat resistant. (rF++)
You are vulnerable to cold. (rC-)
You float through the air rather than walking.
You learn spells naturally, not from books.
Your magical power is your life essence.
You have superior vitality. (+4 MHP)


Message History

You shoot a sling bullet.
The sling bullet barely misses the glass eye.
The glass eye gazes at you.
You feel your fragility will last longer.
You shoot a sling bullet.
The sling bullet barely misses the glass eye.
The glass eye gazes at you.
You feel your fragility will last longer.
You shoot a sling bullet. The sling bullet hits the glass eye!
You drain the glass eye!
The glass eye is severely wounded.
The glass eye gazes at you.
You feel your fragility will last longer.
You shoot a sling bullet. The sling bullet hits the glass eye!
You drain the glass eye.
You kill the glass eye!
Okawaru accepts your kill.
You can now enter into single combat with a foe.
Okawaru will now gift you throwing weapons as you gain piety.
No target in view!
There is an open door, spattered with blood here.
Things that are here:
a wolf corpse; a wolf corpse
Items here: ) [ ††.
Okay, then.
The komodo dragon bites you. The komodo dragon misses you.
There is an open door here.
You shoot a sling bullet.
The sling bullet hits the komodo dragon!
The komodo dragon is moderately wounded.
The komodo dragon bites you!!
You shoot a sling bullet.
The sling bullet hits the komodo dragon.
You drain the komodo dragon.
The komodo dragon is heavily wounded.
The komodo dragon bites you!!
* * * LOW HITPOINT WARNING * * *
The komodo dragon bites you!!
You die...

#..............######.#
...#.#.#.#.....'))....#
###†####....######.#
#..)# #.....# #.#~#
##....# #.#.#.#.....# #
#.#.##.####
#.l.#..#########
#h####.)..))..># #.#
#..#######.# .......#
#.# ......### #.#
#.....# #.# #....## #.#
#....# #.# #....#
#########.# ..........#


You could see a komodo dragon (drained).

Vanquished Creatures
  A two-headed ogre (D:8)
  Pikel (D:6)
  An unseen horror (D:6)
  A hornet (D:9)
  A glass eye (D:9)
  2 wyverns (D:9)
  7 yaks
  Eustachio (D:6)
  3 wraiths (D:9)
  Grum (D:9)
  The ghost of AceOff the Changeling, an amateur OpSh (D:3)
  Menkaure (D:4)
  3 water moccasins
  Pargi (Sewer)
  4 wolves (D:9)
  A black bear (D:7)
  An ogre (D:6)
  4 centaurs
  Blork the orc (D:4)
  2 elf zombies (Ossuary)
  A lemure (D:6)
  3 kobold brigands
  6 bullfrogs
  3 scorpions (D:5)
  2 wights (D:9)
  3 howler monkeys
  A crimson imp (D:4)
  4 hounds
  2 jellies
  A human zombie (Ossuary)
  2 orc priests (D:3)
  A gnoll bouda (D:6)
  A sleepcap (D:5)
  5 iguanas
  An orc wizard (D:8)
  3 hound zombies (Ossuary)
  3 mummies (Ossuary)
  11 adders
  11 gnolls
  2 shadow imps
  5 white imps
  2 ufetubi (D:5)
  An adder zombie (Ossuary)
  2 worms
  6 dart slugs
  24 orcs
  5 ball pythons
  6 endoplasms
  5 giant cockroaches
  A gnoll zombie (Ossuary)
  7 goblins
  10 hobgoblins
  2 quokkas (D:3)
  12 bats
  3 frilled lizards
  8 goblin zombies
  3 hobgoblin zombies
  6 jackal zombies (Ossuary)
  23 kobolds
  A kobold zombie (D:4)
  An orc skeleton (D:4)
  5 orc zombies
  3 rats
  4 rat zombies (Ossuary)
249 creatures vanquished.

Notes
Turn   | Place    | Note
-------+----------+-------------------------------------------
     0 | D:1      | mopl the Djinni Shapeshifter began the quest for the Orb.
     0 | D:1      | Reached XP level 1. HP: 17/17 MP: 0/0
   209 | D:1      | Found a faded altar of an unknown god.
   218 | D:1      | Reached XP level 2. HP: 15/22 MP: 0/0
   713 | D:2      | Identified the +8 sling of Wyrd {drain, rElec rF+}
   737 | D:2      | Reached skill level 3 in Shapeshifting
   737 | D:2      | Reached XP level 3. HP: 27/27 MP: 0/0
   737 | D:2      | Learned a level 1 spell: Slow
   786 | D:2      | Reached skill level 1 in Armour
   786 | D:2      | Reached XP level 4. HP: 32/32 MP: 0/0
   929 | D:2      | Reached XP level 5. HP: 38/38 MP: 0/0
   929 | D:2      | Learned a level 2 spell: Static Discharge
  1326 | D:3      | Reached skill level 2 in Fighting
  1326 | D:3      | Reached skill level 3 in Dodging
  1326 | D:3      | Reached skill level 4 in Unarmed Combat
  1374 | D:3      | Found a runed translucent door.
  1383 | D:3      | Noticed AceOff's ghost (amateur OpSh)
  1563 | D:3      | Reached XP level 6. HP: 43/43 MP: 0/0
  1650 | D:3      | Found a shadowy altar of Dithmenos.
  1932 | D:3      | Killed AceOff's ghost
  1933 | D:3      | Reached skill level 2 in Armour
  1943 | D:4      | Noticed Menkaure
  1970 | D:4      | Noticed Blork the orc
  1977 | D:4      | Killed Blork the orc
  1978 | D:4      | Reached skill level 4 in Shapeshifting
  1978 | D:4      | Reached XP level 7. HP: 30/49 MP: 0/0
  1978 | D:4      | Learned a level 3 spell: Ozocubu's Armour
  2232 | D:4      | Found a staircase to the Ecumenical Temple.
  2234 | D:4      | Found a sand-covered staircase.
  2259 | Ossuary  | Entered an ossuary
  2299 | Ossuary  | Reached skill level 5 in Unarmed Combat
  2395 | Ossuary  | Reached skill level 3 in Fighting
  2405 | Ossuary  | Reached XP level 8. HP: 56/56 MP: 0/0
  2415 | Ossuary  | Reached skill level 4 in Dodging
  2470 | D:4      | Found a transporter.
  2472 | D:4      | Noticed eyesofgods1's ghost (novice DjGl)
  2473 | D:4      | Found a transporter.
  2570 | D:4      | Killed Menkaure
  2571 | D:4      | Reached skill level 3 in Armour
  2608 | D:4      | Found a glowing drain.
  2618 | Sewer    | Entered a sewer
  2648 | Sewer    | Noticed Pargi
  2658 | Sewer    | Killed Pargi
  2659 | Sewer    | Reached skill level 5 in Shapeshifting
  2790 | D:4      | Found a glowing golden altar of the Shining One.
  3139 | Temple   | Entered the Ecumenical Temple
  3144 | Temple   | Became a worshipper of Warmaster Okawaru
  3159 | D:5      | Entered Level 5 of the Dungeon
  3220 | D:5      | Reached skill level 6 in Unarmed Combat
  3457 | D:5      | Reached skill level 1 in Invocations
  3457 | D:5      | Reached XP level 9. HP: 37/62 MP: 0/0
  3457 | D:5      | Learned a level 4 spell: Animate Armour
  3705 | D:5      | Reached skill level 4 in Fighting
  4135 | D:6      | Noticed Pikel
  4140 | D:6      | Killed Pikel
  4140 | D:6      | Reached * piety under Okawaru
  4141 | D:6      | Reached skill level 4 in Armour
  4141 | D:6      | Reached skill level 5 in Dodging
  4141 | D:6      | Reached skill level 2 in Invocations
  4351 | D:6      | Reached skill level 7 in Unarmed Combat
  4407 | D:6      | Reached skill level 6 in Shapeshifting
  4489 | D:6      | Reached ** piety under Okawaru
  4582 | D:6      | Noticed Eustachio
  4586 | D:6      | Killed an unseen horror
  4589 | D:6      | Killed Eustachio
  4590 | D:6      | Reached XP level 10. HP: 37/69 MP: 0/0
  5127 | D:7      | Reached skill level 3 in Invocations
  5169 | D:7      | Found a faded altar of an unknown god.
  5169 | D:7      | Found a faded altar of an unknown god.
  5171 | D:7      | Found a hazy altar of Hepliaklqana.
  5446 | D:7      | Reached skill level 5 in Fighting
  5589 | D:8      | Reached *** piety under Okawaru
  5601 | D:8      | Reached skill level 6 in Dodging
  5602 | D:8      | Reached skill level 5 in Armour
  5602 | D:8      | Reached skill level 8 in Unarmed Combat
  6031 | D:8      | Noticed a two-headed ogre
  6037 | D:8      | Killed a two-headed ogre
  6037 | D:8      | Reached **** piety under Okawaru
  6038 | D:8      | Reached skill level 7 in Shapeshifting
  6079 | D:8      | Reached skill level 4 in Invocations
  6418 | D:9      | Reached XP level 11. HP: 37/76 MP: 0/0
  6418 | D:9      | Learned a level 4 spell: Summon Lightning Spire
  6486 | D:9      | Reached skill level 9 in Unarmed Combat
  6508 | D:9      | Noticed Grum
  6517 | D:9      | Killed Grum
  6518 | D:9      | Reached skill level 6 in Fighting
  6529 | D:9      | Reached skill level 7 in Dodging
  6535 | D:9      | Reached ***** piety under Okawaru
  6544 | D:9      | Annihilated by a komodo dragon

Illustrated notes

Levels and vault maps discovered:
D:1:      ncdulo_watergridlock, layout_loops_cross,
          chequers_ecumenical_altar_simple_redux
D:2:      layout_loops_cross, minmay_goblin_kobold_house
D:3:      layout_loops_ring, mainiacjoe_overflow_concentric_impassable,
          ebering_ghost_sewer_d
D:4:      layout_basic, nicolae_tso_besieged_by_evil,
          minmay_temple_entry_arrows, gammafunk_ghost_mausoleum,
          enter_ossuary_1, cheibrodos_sewer_entry_drain, uniq_menkaure,
          uniq_blork_the_orc
D:5:      old_forge, layout_basic
D:6:      layout_loops_ring, chequers_decorated_corner, nicolae_tricolors,
          uniq_pikel, uniq_eustachio
D:7:      layout_cave_pods, nicolae_hepliaklqana_ecumenical_no_more
D:8:      kennysheep_spiral_hall, layout_basic
D:9:      layout_basic, due_lair_maze_entry_diamond, onia_ninara_cookie,
          uniq_grum, uniq_joseph
Temple:   minmay_freezing_vapour_temple

Skill      XL: |  1  2  3  4  5  6  7  8  9 10 11 |
---------------+----------------------------------+-----
Shapeshifting  | 3 4 5 6 7 |  7.8
Armour         | 1 2 3 4 5 |  5.9
Fighting       | 2 3 4 5 6 |  6.1
Dodging        | 3 4 5 6 7 |  7.0
Unarmed Combat | 4 5 6 7 8 9 |  9.2
Invocations    | 1 2 4 |  4.6

Action                     |  1- 3 |  4- 6 |  7- 9 | 10-12 || total
---------------------------+-------+-------+-------+-------++-------
  Melee: Unarmed           |    31 |       |       |       ||    31
   Fire: Sling             |     8 |    72 |   271 |   185 ||   536
 Invoke: Heroism           |       |       |       |     4 ||     4
    Use: Scroll            |       |       |       |    12 ||    12
   Stab: Sleeping          |     1 |       |       |       ||     1
 Armour: Animal skin       |    12 |    12 |    90 |    70 ||   184
  Dodge: Dodged            |    16 |    16 |   149 |   120 ||   301
   Form: Beast             |     1 |       |       |       ||     1
         Flux              |     1 |       |       |       ||     1

Table legend: (Time is in decaauts)
 A = Elapsed time spent in this place.
 B = Non-inter-level travel time spent in this place.
 C = Inter-level travel time spent in this place.
 D = Time resting spent in this place.
 E = Time spent auto-exploring this place.
 F = Levels seen in this place.
 G = Mean time per level.
                   A        B        C        D        E       F      G
               +--------+--------+--------+--------+--------+-----+--------+
         Total |   6759 |   6393 |    366 |    215 |   4674 |  12 |  563.2 |
       Dungeon |   6384 |   6022 |    362 |    215 |   4588 |   9 |  709.3 |
        Temple |     10 |      6 |      4 |      0 |      0 |   1 |   10.0 |
         Sewer |    123 |    123 |      0 |      0 |     61 |   1 |  123.0 |
       Ossuary |    239 |    239 |      0 |      0 |     25 |   1 |  239.0 |
               +--------+--------+--------+--------+--------+-----+--------+

Top non-repeatable levels by time:
     D:5: 994 daAuts
     D:3: 890 daAuts
     D:8: 858 daAuts
     D:7: 799 daAuts
     D:1: 682 daAuts
     D:2: 652 daAuts
     D:4: 651 daAuts
     D:6: 584 daAuts
     D:9: 270 daAuts
 Ossuary: 239 daAuts
   Sewer: 123 daAuts
  Temple: 10 daAuts
